 Dungeon Crawl Stone Soup version 0.28.0-47-ge53b351184 (webtiles) character file.

Game seed: 9742793970055291732

14021 Exodus22XD the Thaumaturge (level 11, 0/54 HPs)
             Began as a Deep Elf Conjurer on Apr 29, 2022.
             Was a Believer of Vehumet.
             Shot with an arrow by a centaur warrior (20 damage)
             ... on level 11 of the Dungeon.
             The game lasted 00:39:12 (11026 turns).

Exodus22XD the Thaumaturge (Deep Elf Conjurer)     Turns: 11026, Time: 00:39:18

Health: 0/54       AC:  5    Str:  4    XL:     11   Next: 83%
Magic:  30/30      EV: 21    Int: 28    God:    Vehumet [**....]
Gold:   585        SH:  5    Dex: 13    Spells: 29/37 levels left

rFire   . . .      SeeInvis +   f - +3 rapier
rCold   . . .      Faith    .   (no shield)
rNeg    . . .      Spirit   .   a - +0 robe
rPois   .          Reflect  +   p - +0 helmet
rElec   .          Harm     .   t - +0 cloak
rCorr   .          Rampage  .   v - +0 pair of gloves
Will    +....                   (no boots)
Stlth   ++........              L - amulet of reflection
HPRegen 0.18/turn               m - +4 ring of evasion
MPRegen 0.22/turn               F - ring of see invisible

@: no status effects
A: no striking features
a: Renounce Religion


You were on level 11 of the Dungeon.
You worshipped Vehumet.
Vehumet was pleased with you.
You visited 2 branches of the dungeon, and saw 12 of its levels.

You collected 585 gold pieces.

Inventory:

Hand Weapons
 f - a +3 rapier (weapon)
Armour
 a - a +0 robe (worn)
 p - a +0 helmet (worn)
 t - a +0 cloak (worn)
 v - a +0 pair of gloves (worn)
Jewellery
 m - a +4 ring of evasion (left hand)
 A - an amulet of magic regeneration
 F - a ring of see invisible (right hand)
 I - an amulet of faith
 L - an amulet of reflection (around neck)
 N - the ring "Naigic" {*Corrode rC+++ Will+ Str+4 Dex+6}
   (You found it on level 11 of the Dungeon)

   [ring of dexterity]

   Str:       It affects your strength (+4).
   Dex:       It affects your dexterity (+6).
   rC:        It renders you almost immune to cold.
   *Corrode:  It may corrode you when you take damage.
   Will:      It increases your willpower.
Wands
 i - a wand of charming (14)
 l - a wand of flame (15)
 s - a wand of iceblast (13)
 w - a wand of polymorph (7)
 J - a wand of acid (5)
 M - a wand of mindburst (6)
Scrolls
 c - a scroll of brand weapon {unknown}
 d - 3 scrolls of fear {unknown}
 e - 2 scrolls of teleportation
 g - 2 scrolls of noise {unknown}
 k - 3 scrolls of holy word
 q - a scroll of enchant weapon {unknown}
 r - 5 scrolls of magic mapping
 u - 4 scrolls of enchant armour {unknown}
 y - a scroll of vulnerability {unknown}
 D - 2 scrolls of blinking {unknown}
 E - a scroll of immolation {unknown}
 G - a scroll of silence
 P - a scroll of amnesia {unknown}
 Q - a scroll of fog {unknown}
Potions
 b - 3 potions of brilliance
 h - 6 potions of curing
 j - 3 potions of resistance
 n - 3 potions of flight
 o - 3 potions of might {unknown}
 x - 3 potions of mutation {unknown}
 z - 3 potions of lignification {unknown}
 B - a potion of invisibility {unknown}
 C - a potion of cancellation {unknown}
 H - 2 potions of heal wounds {unknown}
 O - a potion of magic {unknown}
Miscellaneous
 K - a phial of floods


   Skills:
 - Level 11.0 Dodging
 - Level 2.4 Stealth
 + Level 13.5 Spellcasting
 - Level 10.2 Conjurations
 - Level 6.4 Earth Magic
 - Level 10.1 Evocations


You had 29 spell levels left.
You knew the following spells:

 Your Spells              Type           Power      Damage    Failure   Level
a - Magic Dart            Conj           100%       1d8       1%          1
b - Searing Ray           Conj           100%       2d8       1%          2
c - Stone Arrow           Conj/Erth      100%       3d13      1%          3
d - Passwall              Tmut/Erth      30%        N/A       1%          2

Your spell library contained the following spells:

 Spells                   Type           Power      Damage    Failure   Level
 Static Discharge         Conj/Air       47%        N/A       1%          2
 Sandblast                Erth           100%       2d20      1%          1
 Dazzling Flash           Conj/Hex       94%        N/A       1%          3
 Summon Small Mammal      Summ           72%        N/A       2%          1
 Fulminant Prism          Conj/Hex       23%        3d13      3%          4
 Iskenderun's Mystic Bla  Conj/Tloc      47%        2d10      3%          4
 Call Canine Familiar     Summ           18%        N/A       9%          3
 Frozen Ramparts          Ice            36%        1d5       9%          3
 Summon Guardian Golem    Hex/Summ       18%        N/A       9%          3
 Ice Form                 Ice/Tmut       18%        N/A       28%         4
 Summon Ice Beast         Ice/Summ       18%        N/A       28%         4


Dungeon Overview and Level Annotations

Branches:
Dungeon (11/15)            Temple (1/1) D:5            Lair (0/6) D:11
    Orc: D:9-12

Altars:
Ashenzari
Cheibriados
Dithmenos
Elyvilon
Fedhas
Gozag
Hepliaklqana
Kikubaaqudgha
Makhleb
Nemelex Xobeh
Okawaru
Qazlal
Ru
Sif Muna
Trog
Uskayaw
Vehumet
Wu Jian
Xom
Yredelemnul
Zin
The Shining One

Annotations:
D:11 1 runed translucent door, 101zpm's ghost, journeyman DjFE


Message History

The centaur warrior zombie closely misses you.
Casting: Stone Arrow (safe; 1% risk of failure)
Confirm with . or Enter, or press ? or * to list all spells.
Aiming: Stone Arrow (safe; 1% risk of failure)
Press: ? - help, Shift-Dir - straight line, f/p - centaur warrior zombie
Aim: a centaur warrior zombie (severely damaged, 98% to hit)
The stone arrow hits the centaur warrior zombie!
The centaur warrior zombie is almost destroyed.
The centaur warrior zombie barely misses you.
You block the centaur warrior zombie's attack.
Casting: Stone Arrow (safe; 1% risk of failure)
Confirm with . or Enter, or press ? or * to list all spells.
Aiming: Stone Arrow (safe; 1% risk of failure)
Press: ? - help, Shift-Dir - straight line, f/p - centaur warrior zombie
Aim: a centaur warrior zombie (almost destroyed, 98% to hit)
The stone arrow hits the centaur warrior zombie!!
You destroy the centaur warrior zombie!
Vehumet accepts your kill.
You feel your power returning.
A centaur warrior comes into view.
The centaur warrior shouts!
The centaur warrior wields a +0 longbow.
The centaur warrior shoots an arrow.
The arrow hits you!!
The centaur warrior shoots an arrow.
The arrow misses you.
Okay, then.
Okay, then.
Okay, then.
Okay, then.
Okay, then.
Aiming: Mindburst
Press: ? - help, Shift-Dir - straight line, f - centaur warrior
Aim: a centaur warrior, wielding a +0 longbow and quivering arrows (chance to affect: 80%)
The centaur warrior's mind is blasted!!
The centaur warrior shoots an arrow.
The arrow hits you!
Aiming: Mindburst
Press: ? - help, Shift-Dir - straight line, f/p - centaur warrior
Aim: a centaur warrior, wielding a +0 longbow and quivering arrows (heavily wounded, chance to affect: 80%)
The centaur warrior's mind is blasted!!
The centaur warrior shoots an arrow.
The arrow hits you!!
You die...

........# ........#
........# ####
........####... #### #.#
#....#.... .
#...####.###.........
...#....................
........................
...../.@................
........................
.................###....
.................####...
c..................###..
........................
...#..............##....
...........##...........
#...... #....#......


You could see a centaur warrior.

Vanquished Creatures
  3 death yaks (D:11)
  A two-headed ogre (D:10)
  Pikel (D:5)
  A gargoyle (D:5)
  A troll (D:10)
  Grinder (D:5)
  3 hornets
  6 slime creatures (D:11)
  Sigmund (D:6)
  A wraith (D:11)
  2 wyverns
  Eustachio (D:6)
  21 yaks
  2 steam dragons
  Edmund (D:6)
  Menkaure (D:6)
  3 water moccasins
  Duvessa (D:5)
  2 orc warriors
  An ice beast (D:7)
  2 necrophages
  5 ogres
  4 lemures
  4 centaurs
  A phantom (D:5)
  3 kobold brigands
  A gnoll sergeant (D:10)
  3 scorpions
  4 bullfrogs
  A wyvern skeleton (D:7)
  5 killer bees
  A water moccasin skeleton (D:5)
  Dowan (D:5)
  10 wights
  3 howler monkeys
  3 centaur zombies
  A hound (D:4)
  2 gnoll shamans
  2 orc priests (D:9)
  A jelly (D:8)
  A bullfrog skeleton (D:6)
  4 iguanas
  4 orc wizards
  Ijyb (D:3)
  2 hound skeletons
  18 gnolls
  5 adders
  2 shadow imps
  A white imp (D:8)
  3 dart slugs
  16 orcs
  3 bats
  9 endoplasms
  2 giant cockroaches
  3 hobgoblins (D:1)
  4 jackals (D:3)
  18 kobolds
  3 quokkas
  5 ball pythons
  4 frilled lizards
  7 goblins
  3 rats
229 creatures vanquished.

Vanquished Creatures (others)
  2 withered plants (D:11)
2 creatures vanquished.

Grand Total: 231 creatures vanquished

Notes
Turn   | Place    | Note
-------+----------+-------------------------------------------
     0 | D:1      | Exodus22XD the Deep Elf Conjurer began the quest for the
                  | Orb.
     0 | D:1      | Reached XP level 1. HP: 10/10 MP: 6/6
   286 | D:1      | Reached skill level 4 in Spellcasting
   286 | D:1      | Reached XP level 2. HP: 15/15 MP: 3/9
  1021 | D:1      | Reached XP level 3. HP: 19/19 MP: 9/11
  1054 | D:1      | Reached skill level 5 in Spellcasting
  1183 | D:1      | Learned a level 2 spell: Searing Ray
  1193 | D:2      | Found a hide-covered altar of Uskayaw.
  1273 | D:2      | Reached skill level 6 in Spellcasting
  1273 | D:2      | Reached XP level 4. HP: 23/24 MP: 2/14
  1978 | D:3      | Noticed Ijyb
  1989 | D:3      | Killed Ijyb
  2534 | D:3      | Learned a level 3 spell: Stone Arrow
  2579 | D:3      | Found a faded altar of an unknown god.
  2645 | D:3      | Reached skill level 7 in Spellcasting
  2645 | D:3      | Reached XP level 5. HP: 20/28 MP: 5/16
  2828 | D:4      | Noticed an ogre
  2838 | D:4      | Killed an ogre
  2839 | D:4      | Reached skill level 8 in Spellcasting
  2999 | D:4      | Reached XP level 6. HP: 32/32 MP: 14/19
  3106 | D:4      | Reached skill level 5 in Conjurations
  3554 | D:4      | Reached XP level 7. HP: 36/36 MP: 13/20
  4097 | D:5      | Entered Level 5 of the Dungeon
  4137 | D:5      | Noticed Grinder
  4158 | D:5      | Killed Grinder
  4493 | D:5      | Reached skill level 9 in Spellcasting
  4493 | D:5      | Reached XP level 8. HP: 33/41 MP: 6/23
  4736 | D:5      | Reached skill level 10 in Spellcasting
  4794 | D:5      | Found a staircase to the Ecumenical Temple.
  4803 | Temple   | Entered the Ecumenical Temple
  5341 | D:5      | Noticed Pikel
  5410 | D:6      | Noticed Menkaure
  5411 | D:6      | Killed Menkaure
  5412 | D:6      | Reached skill level 11 in Spellcasting
  5684 | D:6      | Reached skill level 12 in Spellcasting
  5772 | D:6      | Noticed Sigmund
  5788 | D:6      | Killed Sigmund
  5900 | D:6      | Noticed Edmund
  5905 | D:6      | Killed Edmund
  5906 | D:6      | Reached XP level 9. HP: 45/45 MP: 20/27
  5934 | D:6      | Noticed Eustachio
  5938 | D:6      | Killed Eustachio
  6325 | D:5      | Killed Pikel
  6326 | D:5      | Reached skill level 5 in Earth Magic
  6370 | D:5      | Noticed Dowan
  6378 | D:5      | Killed Dowan
  6382 | D:5      | Noticed Duvessa
  6386 | D:5      | Noticed a gargoyle
  6388 | D:5      | Killed Duvessa
  6675 | D:5      | Killed a gargoyle
  7092 | D:7      | Reached skill level 5 in Dodging
  7434 | D:7      | Reached XP level 10. HP: 50/50 MP: 23/28
  7612 | D:7      | Found a radiant altar of Vehumet.
  7619 | D:7      | Became a worshipper of Vehumet
  8386 | D:8      | Reached skill level 10 in Dodging
  8389 | D:8      | Reached * piety under Vehumet
  8389 | D:8      | Offered knowledge of Foxfire by Vehumet.
  8827 | D:9      | Learned a level 2 spell: Passwall
  9090 | D:9      | You fall into a shaft and drop 1 floor!
  9090 | D:10     | Entered Level 10 of the Dungeon
  9159 | D:10     | Reached skill level 10 in Conjurations
  9196 | D:10     | Reached skill level 1 in Evocations
  9237 | D:10     | Noticed a two-headed ogre
  9242 | D:10     | Killed a two-headed ogre
  9243 | D:10     | Reached XP level 11. HP: 54/54 MP: 20/29
  9342 | D:10     | Reached ** piety under Vehumet
  9342 | D:10     | Offered knowledge of Shock by Vehumet.
  9345 | D:10     | Reached skill level 5 in Evocations
  9896 | D:11     | Noticed a death yak
 10121 | D:11     | Found a runed translucent door.
 10121 | D:11     | Noticed 101zpm's ghost (journeyman DjFE)
 10134 | D:11     | Identified the ring "Naigic" {*Corrode rC+++ Will+ Str+4
                  | Dex+6}
 10283 | D:11     | Noticed a death yak
 10302 | D:11     | Killed a death yak
 10369 | D:11     | Killed a death yak
 10509 | D:11     | Found a staircase to the Lair.
 10512 | D:11     | Noticed a death yak
 10573 | D:11     | Offered knowledge of Static Discharge by Vehumet.
 10659 | D:11     | Killed a death yak
 10660 | D:11     | Reached skill level 10 in Evocations
 10803 | D:11     | Reached skill level 13 in Spellcasting
 11024 | D:11     | Noticed a centaur warrior
 11026 | D:11     | Shot with an arrow by a centaur warrior

Illustrated notes

Levels and vault maps discovered:
D:1:      dpeg_arrival_ternary, layout_loops_cross
D:2:      layout_loops_ring, basic_altar
D:3:      layout_rooms, dreamdust_ecumenical_altar_hidden_monk_grotto, uniq_ijyb
D:4:      layout_basic, hangedman_decor_lopped
D:5:      kennysheep_big_flooded_room, layout_basic, minmay_temple_entry_tees,
          minmay_fractal_squares_gapless_5, uniq_duvessa, uniq_pikel,
          uniq_grinder
D:6:      layout_loops_ring, minmay_misc_feat_rows, uniq_edmund, uniq_sigmund,
          uniq_menkaure, uniq_eustachio
D:7:      layout_rooms, lemuel_round_altar, amcnicky_mini_pool_small
D:8:      layout_rooms, minmay_puff
D:9:      layout_irregular_city, uniq_erica
D:10:     layout_basic
D:11:     layout_rooms, dpeg_lair_monsters, gammafunk_ghost_grave
Temple:   compressed_dpeg_triangle_lava_temple

Skill      XL: |  1  2  3  4  5  6  7  8  9 10 11 |
---------------+----------------------------------+-----
Spellcasting   | 4 6 7 8 9 12 13 | 13.5
Conjurations   | 6 8 10 | 10.2
Earth Magic    | 2 6 |  6.4
Dodging        | 7 11 | 11.0
Evocations     | 3 10 | 10.1
Stealth        | |  2.4

Action                   |  1- 3 |  4- 6 |  7- 9 | 10-12 || total
-------------------------+-------+-------+-------+-------++-------
 Cast: Magic Dart        |    63 |    73 |    79 |    97 ||   312
       Searing Ray       |     4 |    14 |    26 |    14 ||    58
       Stone Arrow       |       |       |    60 |   153 ||   213
Evoke: Wand              |       |       |       |     4 ||     4
  Use: Scroll            |       |       |     1 |     6 ||     7
Armor: Robe              |     3 |     2 |     6 |     3 ||    14
Dodge: Dodged            |     4 |    15 |    33 |    61 ||   113
Block: Other             |       |       |       |     2 ||     2
